 Dungeon Crawl Stone Soup version 0.27-a0-1331-g60ef6b6952 (webtiles) character file.

Game seed: 11750982825278721906

618357 BlueGoblin the Tortoise (level 27, -7/193 HPs)
             Began as a Gnoll Artificer on June 24, 2021.
             Was the Champion of Cheibriados.
             Splashed with acid (12 damage)
             ... on level 3 of the Pits of Slime on June 25, 2021.
             The game lasted 06:06:15 (73387 turns).

BlueGoblin the Tortoise (Gnoll Artificer)          Turns: 73387, Time: 06:06:15

Health: -7/193     AC: 52    Str: 41    XL:     27
Magic:  39/39      EV: 25    Int: 26    God:    Cheibriados [******]
Gold:   3579       SH:  0    Dex: 32    Spells: 49/60 levels left

rFire    + . .     SeeInvis +   a - +10 war axe of Valiance {drain, +Rage rElec rF+ SInv}
rCold    . . .     Faith    .   u - +0 kite shield "Gayf" {*Slow rN+ Str+7}
rNeg     + . .     Spirit   .   Z - +11 crystal plate armour
rPois    +         Reflect  +   (helmet restricted)
rElec    +         Harm     .   n - +2 cloak {rCorr}
rCorr    +         Rampage  .   k - +2 pair of gloves {Dex+3}
Will     ++...     Rnd*Rage +   f - +0 pair of boots "Mesk" {+Inv}
Stlth    ..........             m - amulet "Datuttaz" {Reflect Dex+2 SH+5}
HPRegen  0.42/turn              v - ring of poison resistance
MPRegen  0.26/turn              L - +4 ring of protection

@: confused, flying, studying 2 skills, very slow
A: fangs 1, strong nose, distributed training, horns 1, berserk 1, clumsy 1,
dopey 1, frail 1, low mp 1, screaming 1, weak 1
}: 4/15 runes: serpentine, barnacled, silver, abyssal
a: Renounce Religion, Evoke Berserk Rage, Evoke Invisibility, Bend Time,
Temporal Distortion, Slouch, Step From Time


You were on level 3 of the Pits of Slime.
You worshipped Cheibriados.
Cheibriados was exalted by your worship.
You visited 10 branches of the dungeon, and saw 46 of its levels.
You visited the Abyss 3 times.

You collected 6742 gold pieces.
You spent 3163 gold pieces at shops.

Inventory:

Hand Weapons
 a - the +10 war axe of Valiance (weapon) {drain, +Rage rElec rF+ SInv}
   (You took it off a naga on level 3 of the Snake Pit)

   A truly terrible weapon, it drains the life of those it strikes.
   It protects you from fire.
   It insulates you from electricity.
   It lets you see invisible.
   It lets you go berserk.
 b - a +4 hand crossbow of freezing
 i - a +5 fustibalus of freezing
 y - a +1 shortbow of freezing
Missiles
 l - 1337 arrows
 q - 371 sling bullets
 t - 1177 bolts
Armour
 f - the +0 pair of boots "Mesk" (worn) {+Inv}
   (You acquired it on level 4 of the Snake Pit)

   It lets you turn invisible.
 k - a +2 pair of gloves of dexterity (worn)
 n - a +2 cloak of preservation (worn)
 u - the +0 kite shield "Gayf" (worn) {*Slow rN+ Str+7}
   (You took it off Asterion on level 1 of the Snake Pit)

   It affects your strength (+7).
   It protects you from negative energy.
   It may slow you when you take damage.
 x - a +2 tower shield
 z - a scarf of repulsion
 Q - +0 gold dragon scales
 Z - a +11 crystal plate armour (worn)
Jewellery
 m - the amulet "Datuttaz" (around neck) {Reflect Dex+2 SH+5}
   (You found it on level 3 of the Snake Pit)

   [amulet of reflection]

   It reflects blocked missile attacks.
   It affects your dexterity (+2).
   It affects your SH (+5).
 v - a ring of poison resistance (left hand)
 L - a +4 ring of protection (right hand)
 O - a +4 ring of evasion
 S - an amulet of regeneration
Wands
 c - a wand of flame (171)
 d - a wand of charming (13)
 e - a wand of mindburst (26)
 o - a wand of digging (25)
 w - a wand of acid (44)
 D - a wand of paralysis (38)
 F - a wand of iceblast (80) (quivered)
 V - a wand of polymorph (4)
Scrolls
 h - 3 scrolls of silence
 r - 22 scrolls of identify
 A - 6 scrolls of fear
 B - 22 scrolls of teleportation
 C - 4 scrolls of amnesia
 G - 5 scrolls of brand weapon
 M - 7 scrolls of fog
 N - 2 scrolls of holy word
 W - 4 scrolls of magic mapping
 X - 4 scrolls of blinking
Potions
 j - 18 potions of curing
 s - a potion of flight
 E - 4 potions of cancellation
 H - 2 potions of invisibility
 I - 4 potions of might
 J - 2 potions of attraction
 K - 5 potions of ambrosia
 P - 5 potions of brilliance
 T - 5 potions of magic
 U - 8 potions of lignification
Miscellaneous
 R - a condenser vane


   Skills:
 + Level 17.3 Fighting
 + Level 17.2 Short Blades
 + Level 17.2 Long Blades
 + Level 17.2 Axes
 + Level 17.2 Maces & Flails
 + Level 17.2 Polearms
 + Level 17.2 Staves
 + Level 17.2 Slings
 + Level 17.2 Bows
 + Level 17.2 Crossbows
 + Level 17.2 Throwing
 + Level 20.9 Armour
 + Level 17.3 Dodging
 + Level 17.3 Stealth
 + Level 17.2 Shields
 + Level 18.1 Unarmed Combat
 + Level 17.2 Spellcasting
 + Level 14.8 Conjurations
 + Level 14.8 Hexes
 + Level 14.8 Summonings
 + Level 14.8 Necromancy
 + Level 14.8 Translocations
 + Level 14.8 Transmutations
 + Level 14.8 Fire Magic
 + Level 14.8 Ice Magic
 + Level 14.8 Air Magic
 + Level 14.8 Earth Magic
 + Level 14.8 Poison Magic
 + Level 18.5 Invocations
 + Level 18.1 Evocations


You had 49 spell levels left.
You knew the following spells:

 Your Spells              Type           Power      Damage    Failure   Level
c - Dispersal             Tloc           39%        N/A       3%          6
d - Irradiate             Conj/Tmut      39%        3d26      1%          5

Your spell library contained the following spells:

 Spells                   Type           Power      Damage    Failure   Level
 Animate Skeleton         Necr           100%       N/A       1%          1
 Apportation              Tloc           100%       N/A       1%          1
 Corona                   Hex            87%        N/A       1%          1
 Foxfire                  Conj/Fire      100%       2x1d9     1%          1
 Freeze                   Ice            100%       1d11      1%          1
 Pain                     Necr           100%       1d9       1%          1
 Sandblast                Erth           100%       2d20      1%          1
 Summon Small Mammal      Summ           100%       N/A       1%          1
 Blink                    Tloc           N/A        N/A       1%          2
 Call Imp                 Summ           79%        N/A       1%          2
 Corpse Rot               Necr/Air       N/A        N/A       1%          2
 Passwall                 Tmut/Erth      65%        N/A       1%          2
 Sublimation of Blood     Necr           39%        N/A       1%          2
 Call Canine Familiar     Summ           79%        N/A       1%          3
 Frozen Ramparts          Ice            100%       1d12      1%          3
 Gell's Gravitas          Tloc           39%        N/A       1%          3
 Lesser Beckoning         Tloc           39%        N/A       1%          3
 Ozocubu's Armour         Ice            79%        N/A       1%          3
 Portal Projectile        Hex/Tloc       100%       N/A       1%          3
 Spider Form              Tmut/Pois      39%        N/A       1%          3
 Stone Arrow              Conj/Erth      100%       3d13      1%          3
 Summon Guardian Golem    Hex/Summ       79%        N/A       1%          3
 Teleport Other           Tloc           79%        N/A       1%          3
 Vampiric Draining        Necr           39%        2d11      1%          3
 Animate Dead             Necr           39%        N/A       1%          4
 Cause Fear               Hex            39%        N/A       1%          4
 Dispel Undead            Necr           79%        3d26      1%          4
 Hailstorm                Conj/Ice       79%        3d16      1%          4
 Ice Form                 Ice/Tmut       79%        N/A       1%          4
 Leda's Liquefaction      Hex/Erth       39%        N/A       1%          4
 Passage of Golubria      Tloc           N/A        N/A       1%          4
 Petrify                  Tmut/Erth      79%        N/A       1%          4
 Sticky Flame             Conj/Fire      79%        2d9       1%          4
 Summon Ice Beast         Ice/Summ       79%        N/A       1%          4
 Summon Lightning Spire   Summ/Air       79%        N/A       1%          4
 Agony                    Necr           79%        N/A       1%          5
 Blade Hands              Tmut           39%        N/A       1%          5
 Bolt of Magma            Conj/Fire/Erth 39%        4d17      1%          5
 Borgnjor's Vile Clutch   Necr/Erth      39%        N/A       1%          5
 Excruciating Wounds      Necr           39%        N/A       1%          5
 Iskenderun's Battlesphe  Conj           79%        2d13      1%          5
 Lee's Rapid Deconstruct  Erth           39%        3d20*     1%          5
 Manifold Assault         Tloc           79%        N/A       1%          5
 Metabolic Englaciation   Hex/Ice        39%        N/A       1%          5
 Summon Forest            Summ/Tloc      39%        N/A       1%          5
 Yara's Violent Unravell  Hex/Tmut       39%        3d16      1%          5
 Death Channel            Necr           39%        N/A       3%          6
 Iron Shot                Conj/Erth      39%        9d8       3%          6
 Simulacrum               Ice/Necr       39%        N/A       3%          6
 Statue Form              Tmut/Erth      52%        N/A       3%          6
 Dragon Form              Tmut           39%        N/A       22%         7
 Orb of Destruction       Conj           39%        9d13      22%         7
 Ozocubu's Refrigeration  Ice            39%        4d12      22%         7
 Spellforged Servitor     Conj/Summ      39%        N/A       22%         7
 Storm Form               Tmut/Air       39%        N/A       22%         7
 Disjunction              Tloc           39%        N/A       86%         8
 Dragon's Call            Summ           39%        N/A       100%        9


Dungeon Overview and Level Annotations

Branches:
Dungeon (15/15)            Temple (1/1) D:6            Lair (6/6) D:10
 Shoals (4/4) Lair:2        Snake (4/4) Lair:4        Slime (3/5) Lair:6
    Orc (2/2) D:12            Elf (1/3) Orc:2        Vaults (5/5) D:14
  Crypt (0/3) Vaults:2     Depths (5/5) D:15            Zot (0/5) Depths:5

Altars:
Ashenzari
Cheibriados
Dithmenos
Elyvilon
Fedhas
Gozag
Hepliaklqana
Kikubaaqudgha
Makhleb
Nemelex Xobeh
Okawaru
Qazlal
Ru
Sif Muna
Uskayaw
Vehumet
Wu Jian
Xom
Yredelemnul
Zin
The Shining One
Beogh

Shops:
Orc:1 ==*(   Orc:2 [!([*   Shoals:1 !   Shoals:3 *   Shoals:4 *   Snake:3 (
Snake:4 :?   Vaults:2 *   Depths:3 ?

Portals:
Hell: Depths:1 Depths:2 Depths:3 Depths:4 Depths:5
Abyss: Depths:4 Depths:5
Pandemonium: Depths:2 Depths:3
Ziggurat: Depths:3
Trove: D:12 (lose all piety)

Annotations:
Depths:4 1 runed translucent door


Innate Abilities, Weirdness & Mutations

You have very sharp teeth.
Your uncanny sense of smell can sniff out nearby items.
Your experience applies equally to all skills.
You have a pair of small horns on your head.
You tend to lose your temper in combat.
You are clumsy. (Dex -2)
You are dopey. (Int -2)
You are frail. (-10% HP)
Your magical capacity is low. (-10% MP)
You occasionally shout uncontrollably at your foes.
You are weak. (Str -2)


Message History

You resist with almost no effort. The golden eye blinks at you.
You resist with almost no effort.
Two slime creatures merge to form an enormous slime creature.
The slime creature closely misses you.
You are splashed with acid!
You resist. The golden eye blinks at you. You resist with almost no effort.
Two slime creatures merge to form a titanic slime creature.
The golden eye blinks at you.
You are more confused.
You are too confused!
You enter a teleport trap!
The teleport trap disappears.
Your surroundings suddenly seem different.
You are splashed with acid!!!
You resist.
* * * LOW HITPOINT WARNING * * *
You are too confused!
Okay, then.
You feel much better.
You are splashed with acid!
You resist.
You are splashed with acid!
You resist.
* * * LOW HITPOINT WARNING * * *
You are splashed with acid!
You resist.
* * * LOW HITPOINT WARNING * * *
You are splashed with acid!
You resist.
* * * LOW HITPOINT WARNING * * *
You are too confused!
You feel much better.
You are splashed with acid!!
You resist.
* * * LOW HITPOINT WARNING * * *
You are splashed with acid!
You resist.
* * * LOW HITPOINT WARNING * * *
You are splashed with acid!!
You resist.
* * * LOW HITPOINT WARNING * * *
You feel much better.
You are splashed with acid!
You resist.
* * * LOW HITPOINT WARNING * * *
You are splashed with acid!!
You resist.
* * * LOW HITPOINT WARNING * * *
You are too confused!
You feel very buoyant.
You fly up into the air.
You are splashed with acid!
You resist.
You die...

.#...... ..#.....
.##.###. .....#
..#.#. ...###.###
#....#.#.## # ###
##...........#.##.##
.....#.#... #...@..#
...............##.##
.............. ###
..J..#.......
..J.........
.G#.G.......
..G.........
.......((..>
......(#....


There were no monsters in sight!

Vanquished Creatures
  An ancient lich (Vaults:5)
  A dread lich (Vaults:4)
  2 juggernauts
  Frederick (Vaults:4)
  Bai Suzhen (Snake:3)
  3 caustic shrikes
  Nikola (Snake:4)
  4 golden dragons
  A bone dragon (Abyss:4)
  the Enchantress (Depths:5)
  The ghost of Baqim the Severer, an adept MiBe of Trog (Vaults:4)
  4 liches
  Asterion (Snake:1)
  8 tentacled monstrosities
  3 acid blobs
  7 titans
  2 quicksilver dragons
  An Executioner (Abyss:3)
  4 sphinxes
  Polyphemus (Shoals:2)
  11 tentacled starspawn
  Agnes (Snake:1)
  5 shadow dragons
  5 storm dragons
  7 tengu reavers
  7 nagarajas
  Roxanne (D:15)
  2 iron dragons
  3 azure jellies
  A ghost moth (Abyss:3)
  12 fire giants
  A rockslime (Slime:3)
  A draconian knight (Depths:5)
  12 frost giants
  19 vault wardens
  2 cacodemons
  A draconian shifter (Depths:5)
  2 draconian scorchers
  Aizul (Snake:1)
  2 deep elf sorcerers (Vaults:5)
  An emperor scorpion (shapeshifter) (Vaults:4)
  A balrug (Abyss:3)
  2 orc warlords
  A curse skull (Vaults:4)
  3 spriggan defenders (Depths:5)
  15 ironbound preservers
  3 quicksilver oozes
  28 very ugly things
  4 war gargoyles
  2 grey draconians (Depths:5)
  4 vampire knights
  14 stone giants
  A juggernaut skeleton (Depths:2)
  2 black draconians (Depths:5)
  5 deep elf demonologists
  2 white draconians (Depths:5)
  5 deep elf annihilators
  The ghost of Minuumom the Protected, a journeyman DsVM of Ashenzari (Lair:4)
  A dire elephant (Vaults:4)
  A lorocyproca (Abyss:3)
  2 yellow draconians (Depths:5)
  2 entropy weavers
  2 spark wasps (Depths:3)
  Snorg (D:10)
  2 blizzard demons
  4 merfolk javelineers
  14 ettins
  2 eidola (Vaults:4)
  14 yaktaur captains
  5 deep elf high priests
  10 merfolk impalers
  9 fire dragons
  13 great orbs of eyes
  5 rakshasas
  10 naga warriors
  8 ironbound thunderhulks
  6 hydras
  15 ice dragons
  An ogre mage (Vaults:2)
  A salamander tyrant (Snake:4)
  Erolcha (Orc:1)
  2 catoblepae
  7 boulder beetles
  5 spriggan air magi
  4 peacekeepers
  28 vault guards
  9 centaur warriors
  9 ironbound frosthearts
  8 anacondas
  5 merfolk aquamancers (Shoals:4)
  5 two-headed ogres
  5 deep troll shamans
  2 merfolk avatars (Shoals:3)
  4 death yaks (Shoals:2)
  4 satyrs
  2 death knights (Vaults:2)
  12 deep troll earth magi
  6 tengu warriors
  12 naga sharpshooters
  3 vampire magi
  5 spriggan berserkers
  9 shock serpents
  4 ironbound beastmasters
  15 thrashing horrors
  A deep elf knight (Vaults:5)
  3 sun demons (Abyss:3)
  6 hell knights (Depths:4)
  6 sixfirhies
  3 shadow wraiths
  2 spatial maelstroms
  25 sea snakes
  8 iron trolls
  9 wretched stars
  A goliath frog (shapeshifter) (Vaults:5)
  45 deep trolls
  3 salamander mystics
  2 storm dragon skeletons
  8 glowing orange brains
  10 naga ritualists
  3 flayed ghosts
  A gelid demonspawn (Depths:2)
  8 orc knights
  7 phantasmal warriors
  7 lindwurms (Vaults:2)
  21 ironbound convokers
  14 wizards
  33 harpies
  A deep elf zephyrmancer (Orc:2)
  A golden dragon skeleton (Depths:2)
  6 necromancers
  7 deep elf pyromancers
  A mana viper (shapeshifter) (Depths:4)
  62 ugly things
  15 manticores
  A wolf spider (Lair:6)
  A shining eye (Slime:3)
  3 mana vipers
  An orb spider (Abyss:2)
  An orc sorcerer (Abyss:3)
  A will-o-the-wisp (Abyss:3)
  14 salamanders
  A frost giant zombie (Abyss:3)
  12 fauns
  6 cyclopes
  7 worldbinders
  A moth of wrath (shapeshifter) (Vaults:5)
  A rust devil (Depths:2)
  6 merfolk sirens
  2 eyes of devastation
  8 naga magi
  12 water nymphs
  5 guardian serpents
  An ice statue (Lair:2)
  A torpor snail (Lair:6)
  29 black mambas
  11 smoke demons
  19 cane toads
  24 vault sentinels
  Psyche (D:8)
  A gargoyle (D:11)
  A komodo dragon (shapeshifter) (D:14)
  2 unseen horrors
  An elf zombie (Depths:2)
  A demonic crawler (Abyss:3)
  33 yaktaurs
  2 freezing wraiths
  5 orange demons
  2 efreet
  A kobold demonologist (D:13)
  A yaktaur (shapeshifter) (Vaults:5)
  17 ancient zymes
  3 hellwings
  4 komodo dragons
  4 ice devils
  3 tengu conjurers
  19 wyverns
  2 trolls
  17 merfolk
  2 red devils
  6 hornets
  18 blink frogs
  An ettin zombie (Depths:1)
  2 slime creatures (shapeshifter)
  37 large abominations
  A hydra skeleton (Abyss:3)
  7 polar bears
  98 slime creatures
  7 wind drakes
  14 dream sheep
  21 raiju
  6 redbacks
  6 snapping turtles
  4 spriggans
  8 flying skulls
  An ettin skeleton (Abyss:2)
  46 starcursed masses
  22 water elementals
  Sigmund (D:4)
  5 wraiths
  A tarantella (Vaults:2)
  5 shadows
  2 vampires (Abyss:3)
  6 ynoxinuls
  44 yaks
  7 neqoxecs
  4 chaos spawn
  Eustachio (D:3)
  4 basilisks
  2 golden eyes (Slime:3)
  A steam dragon (D:8)
  7 vampire mosquitoes
  8 spatial vortices
  An elf skeleton (Depths:1)
  44 nagas
  4 wargs
  6 acid dragons
  17 water moccasins
  31 small abominations
  2 floating eyes (shapeshifter)
  2 floating eyes (Depths:3)
  Duvessa (D:4)
  10 ice beasts
  A necrophage (D:4)
  40 orc warriors
  A sky beast (D:5)
  An ettin simulacrum (Depths:1)
  21 wolves
  9 ogres
  26 centaurs
  9 bullfrogs
  3 kobold brigands
  2 gnoll sergeants
  2 scorpions
  Dowan (D:4)
  A wyvern skeleton (D:6)
  4 killer bees (D:10)
  7 electric eels
  A nameless horror (Lair:6)
  9 wights
  2 howler monkeys
  A crimson imp (D:6)
  3 centaur zombies
  3 quasits
  11 jellies
  2 centaur skeletons
  18 orc priests
  A hound (D:7)
  A bullfrog skeleton (D:7)
  5 iron imps
  An iguana (D:5)
  17 orc wizards
  4 hell rats (Lair:3)
  2 killer bee zombies (D:8)
  A howler monkey skeleton (D:7)
  An adder (D:3)
  9 gnolls
  A shadow imp (D:7)
  7 white imps
  7 ufetubi
  2 worms
  3 dart slugs
  95 orcs
  4 ball pythons
  6 bats
  7 endoplasms
  2 giant cockroaches (D:3)
  9 goblins
  5 hobgoblins
  8 jackals
  3 quokkas
  A ball python (shapeshifter) (Vaults:5)
  4 frilled lizards
  13 kobolds
  A kobold simulacrum (Abyss:2)
  4 rats
  A bush (Lair:1)
  10 starspawn tentacles
2075 creatures vanquished.

Vanquished Creatures (collateral kills)
  Josephine (Lair:5)
  A hydra (Lair:5)
  A centaur warrior (D:13)
  2 ogre magi
  3 two-headed ogres
  A tengu warrior (D:13)
  A naga sharpshooter (Snake:4)
  A wolf spider (Lair:6)
  3 ugly things (D:15)
  2 black mambas (Lair:6)
  A cane toad (Lair:6)
  A komodo dragon (Lair:6)
  A polar bear (Lair:5)
  6 blink frogs
  A slime creature (D:15)
  A redback (Lair:6)
  A wyvern (Lair:4)
  A wraith (Lair:5)
  8 yaks
  2 basilisks
  A vampire mosquito (D:13)
  2 water moccasins (Lair:6)
  5 orc warriors
  2 ogres
  5 wolves
  6 centaurs
  2 bullfrogs
  A gnoll sergeant (D:13)
  A howler monkey (D:13)
  4 orc priests
  3 orc wizards
  2 gnolls (D:13)
  14 orcs
87 creatures vanquished.

Vanquished Creatures (others)
  2 eldritch tentacles (Abyss:4)
  A fire giant (Depths:3)
  A shock serpent (Snake:3)
  A manticore (Shoals:3)
  A naga mage (Snake:4)
  A yak (Lair:6)
  A naga (Snake:4)
  2 kobolds (D:8)
  44 fungi
  127 plants
  18 starspawn tentacles
  15 tentacles (Shoals:2)
214 creatures vanquished.

Grand Total: 2376 creatures vanquished

Notes
Turn   | Place    | Note
-------+----------+-------------------------------------------
     0 | D:1      | BlueGoblin the Gnoll Artificer began the quest for the Orb.
     0 | D:1      | Reached XP level 1. HP: 17/17 MP: 1/1
    71 | D:1      | You fall into a shaft and drop 1 floor!
   446 | D:1      | Reached XP level 2. HP: 23/23 MP: 2/2
  1440 | D:2      | Reached XP level 3. HP: 20/28 MP: 3/3
  1967 | D:2      | Reached skill level 1 in Invocations
  2035 | D:2      | Found a glowing silver altar of Zin.
  2071 | D:2      | Found a faded altar of an unknown god.
  2305 | D:3      | Noticed an ogre
  2319 | D:3      | Killed an ogre
  2320 | D:3      | Reached skill level 1 in Short Blades
  2320 | D:3      | Reached skill level 1 in Long Blades
  2320 | D:3      | Reached skill level 1 in Axes
  2320 | D:3      | Reached skill level 1 in Maces & Flails
  2320 | D:3      | Reached skill level 1 in Polearms
  2320 | D:3      | Reached skill level 1 in Staves
  2320 | D:3      | Reached skill level 1 in Slings
  2320 | D:3      | Reached skill level 1 in Bows
  2320 | D:3      | Reached skill level 1 in Crossbows
  2320 | D:3      | Reached skill level 1 in Throwing
  2320 | D:3      | Reached skill level 1 in Shields
  2320 | D:3      | Reached skill level 1 in Unarmed Combat
  2320 | D:3      | Reached skill level 1 in Spellcasting
  2320 | D:3      | Reached skill level 1 in Conjurations
  2320 | D:3      | Reached skill level 1 in Hexes
  2320 | D:3      | Reached skill level 1 in Summonings
  2320 | D:3      | Reached skill level 1 in Necromancy
  2320 | D:3      | Reached skill level 1 in Translocations
  2320 | D:3      | Reached skill level 1 in Transmutations
  2320 | D:3      | Reached skill level 1 in Fire Magic
  2320 | D:3      | Reached skill level 1 in Ice Magic
  2320 | D:3      | Reached skill level 1 in Air Magic
  2320 | D:3      | Reached skill level 1 in Earth Magic
  2320 | D:3      | Reached skill level 1 in Poison Magic
  2320 | D:3      | Reached XP level 4. HP: 34/34 MP: 4/6
  2320 | D:3      | Reached XP level 5. HP: 40/40 MP: 4/7
  2542 | D:3      | Identified a scroll of acquirement
  2542 | D:3      | Acquired a +0 pair of gloves of dexterity
  3789 | D:4      | Noticed a necrophage
  3826 | D:4      | Killed a necrophage
  3827 | D:4      | Reached XP level 6. HP: 23/46 MP: 8/8
  3989 | D:4      | Identified the +9 quarterstaff of Red Innocence {elec, Fly
                  | rF+++ rC- Will+}
  4184 | D:4      | Reached skill level 5 in Armour
  4377 | D:4      | Noticed Sigmund
  4385 | D:4      | Killed Sigmund
  4386 | D:4      | Reached XP level 7. HP: 49/52 MP: 10/10
  4407 | D:4      | Noticed Duvessa
  4407 | D:4      | Noticed Dowan
  4407 | D:4      | Noticed Eustachio
  4415 | D:4      | Killed Duvessa
  4433 | D:3      | Killed Eustachio
  4535 | D:4      | Killed Dowan
  4536 | D:4      | Reached XP level 8. HP: 43/60 MP: 12/12
  4830 | D:5      | Entered Level 5 of the Dungeon
  6313 | D:6      | Reached skill level 6 in Armour
  6392 | D:6      | Reached XP level 9. HP: 44/66 MP: 14/14
  6586 | D:6      | Found a hazy altar of Hepliaklqana.
  6720 | D:6      | Found a staircase to the Ecumenical Temple.
  6728 | Temple   | Entered the Ecumenical Temple
  7355 | D:6      | Found a glowing golden altar of the Shining One.
  7358 | D:6      | Found a shimmering altar of Xom.
  7359 | D:6      | Found a basalt altar of Yredelemnul.
  8582 | D:7      | Reached skill level 5 in Fighting
  8582 | D:7      | Reached skill level 5 in Dodging
  8799 | D:7      | Found a sacrificial altar of Ru.
  8812 | D:7      | Found an opulent altar of Gozag.
  9210 | D:8      | Reached skill level 5 in Stealth
  9227 | D:8      | Noticed Psyche
  9615 | D:8      | Reached skill level 5 in Invocations
 10364 | D:8      | Killed Psyche
 10365 | D:8      | Reached XP level 10. HP: 56/75 MP: 17/17
 11034 | D:8      | Gained mutation: Your spells are a little easier to cast,
                  | but a little less powerful. [potion of mutation]
 11034 | D:8      | Gained mutation: You sometimes lose the ability to read
                  | scrolls when taking damage. [potion of mutation]
 11034 | D:8      | Gained mutation: Your flesh is heat resistant. (rF+)
                  | [potion of mutation]
 11035 | D:8      | Lost mutation: Your spells are a little easier to cast, but
                  | a little less powerful. [potion of mutation]
 11035 | D:8      | Gained mutation: You tend to lose your temper in combat.
                  | [potion of mutation]
 11035 | D:8      | Gained mutation: You are robust. (+10% HP) [potion of
                  | mutation]
 11127 | D:9      | Found an ornate altar of the Wu Jian Council.
 11234 | D:9      | Reached skill level 5 in Short Blades
 11234 | D:9      | Reached skill level 5 in Long Blades
 11234 | D:9      | Reached skill level 5 in Axes
 11234 | D:9      | Reached skill level 5 in Maces & Flails
 11234 | D:9      | Reached skill level 5 in Polearms
 11234 | D:9      | Reached skill level 5 in Staves
 11234 | D:9      | Reached skill level 5 in Slings
 11234 | D:9      | Reached skill level 5 in Bows
 11234 | D:9      | Reached skill level 5 in Crossbows
 11234 | D:9      | Reached skill level 5 in Throwing
 11234 | D:9      | Reached skill level 5 in Shields
 11234 | D:9      | Reached skill level 5 in Unarmed Combat
 11234 | D:9      | Reached skill level 5 in Spellcasting
 11555 | D:9      | Found a snail-covered altar of Cheibriados.
 11568 | D:9      | Became a worshipper of Cheibriados the Contemplative
 11603 | D:9      | Noticed a two-headed ogre
 11616 | D:9      | Killed a two-headed ogre
 11617 | D:9      | Reached skill level 7 in Armour
 11812 | D:9      | Noticed a two-headed ogre
 11823 | D:9      | Killed a two-headed ogre
 12136 | D:10     | Entered Level 10 of the Dungeon
 12259 | D:10     | Reached * piety under Cheibriados
 12274 | D:10     | Reached XP level 11. HP: 84/91 MP: 19/19
 12358 | D:10     | Found a staircase to the Lair.
 12660 | D:10     | Found a burning altar of Makhleb.
 12671 | D:10     | Found a flagged portal.
 12707 | D:10     | Reached skill level 5 in Conjurations
 12707 | D:10     | Reached skill level 5 in Hexes
 12707 | D:10     | Reached skill level 5 in Summonings
 12707 | D:10     | Reached skill level 5 in Necromancy
 12707 | D:10     | Reached skill level 5 in Translocations
 12707 | D:10     | Reached skill level 5 in Transmutations
 12707 | D:10     | Reached skill level 5 in Fire Magic
 12707 | D:10     | Reached skill level 5 in Ice Magic
 12707 | D:10     | Reached skill level 5 in Air Magic
 12707 | D:10     | Reached skill level 5 in Earth Magic
 12707 | D:10     | Reached skill level 5 in Poison Magic
 12708 | D:10     | Noticed Snorg
 12888 | D:10     | Reached ** piety under Cheibriados
 13027 | D:10     | Killed Snorg
 13161 | Lair:1   | Entered Level 1 of the Lair of Beasts
 13359 | Lair:1   | Reached skill level 8 in Armour
 13933 | Lair:1   | Reached *** piety under Cheibriados
 14465 | Lair:2   | Reached XP level 12. HP: 87/100 MP: 22/22
 14982 | Lair:2   | Lost mutation: You are robust. (+10% HP) [potion of
                  | mutation]
 14982 | Lair:2   | Lost mutation: You tend to lose your temper in combat.
                  | [potion of mutation]
 14982 | Lair:2   | Gained mutation: Your spells are a little easier to cast,
                  | but a little less powerful. [potion of mutation]
 14982 | Lair:2   | Gained mutation: You are weak. (Str -2) [potion of
                  | mutation]
 15699 | Lair:2   | Found a staircase to the Shoals.
 15935 | Lair:3   | Found a hide-covered altar of Uskayaw.
 16117 | Lair:3   | Reached **** piety under Cheibriados
 16154 | Lair:3   | Reached skill level 10 in Evocations
 16209 | Lair:3   | Learned a level 4 spell: Summon Ice Beast
 16214 | Lair:3   | Learned a level 4 spell: Summon Lightning Spire
 17157 | Lair:4   | Found a runed translucent door.
 17191 | Lair:4   | Reached skill level 9 in Armour
 17321 | Lair:4   | Noticed Minuumom's ghost (journeyman DsVM)
 17528 | Lair:4   | Noticed a boulder beetle
 17589 | Lair:4   | Killed a boulder beetle
 17752 | Lair:4   | Found a staircase to the Snake Pit.
 17935 | Lair:4   | Reached XP level 13. HP: 98/98 MP: 24/24
 18246 | Lair:4   | Reached ***** piety under Cheibriados
 18396 | Lair:4   | Killed Minuumom's ghost
 18431 | Lair:4   | Lost mutation: You sometimes lose the ability to read
                  | scrolls when taking damage. [potion of mutation]
 18431 | Lair:4   | Lost mutation: You are weak. (Str -2) [potion of mutation]
 18431 | Lair:4   | Lost mutation: Your flesh is heat resistant. (rF+) [potion
                  | of mutation]
 18431 | Lair:4   | Gained mutation: Your body sometimes deteriorates upon
                  | taking damage. [potion of mutation]
 18957 | Lair:5   | Noticed Josephine
 18979 | Lair:5   | Killed Josephine
 19819 | Lair:6   | Entered Level 6 of the Lair of Beasts
 20373 | Lair:6   | Reached ****** piety under Cheibriados
 20637 | Lair:6   | Found a staircase to the Slime Pits.
 20894 | Lair:6   | Reached XP level 14. HP: 47/108 MP: 24/26
 21016 | Lair:6   | Reached skill level 10 in Armour
 22258 | Shoals:1 | Entered Level 1 of the Shoals
 22846 | D:11     | Reached skill level 10 in Invocations
 23736 | D:12     | Found a staircase to the Orcish Mines.
 24198 | D:12     | Found a portal to a secret trove of treasure.
 24436 | D:12     | Found an ornate altar of the Wu Jian Council.
 25373 | D:13     | Reached skill level 10 in Fighting
 25373 | D:13     | Reached skill level 10 in Dodging
 25472 | D:13     | Reached skill level 10 in Stealth
 25472 | D:13     | Reached XP level 15. HP: 90/115 MP: 12/28
 25777 | D:13     | Identified the +10 flail of Guile {flame, rN+ Str+2 Int+3}
 26231 | D:14     | Found a gate to the Vaults.
 26823 | D:14     | Lost mutation: Your spells are a little easier to cast, but
                  | a little less powerful. [potion of mutation]
 26823 | D:14     | Lost mutation: Your body sometimes deteriorates upon taking
                  | damage. [potion of mutation]
 26823 | D:14     | Gained mutation: You tend to lose your temper in combat.
                  | [potion of mutation]
 26823 | D:14     | Gained mutation: You are partially covered in iridescent
                  | scales. (AC +2) [potion of mutation]
 27308 | D:15     | Entered Level 15 of the Dungeon
 27394 | D:15     | Reached skill level 10 in Short Blades
 27394 | D:15     | Reached skill level 10 in Long Blades
 27394 | D:15     | Reached skill level 10 in Axes
 27394 | D:15     | Reached skill level 10 in Maces & Flails
 27394 | D:15     | Reached skill level 10 in Polearms
 27394 | D:15     | Reached skill level 10 in Staves
 27394 | D:15     | Reached skill level 10 in Slings
 27394 | D:15     | Reached skill level 10 in Bows
 27394 | D:15     | Reached skill level 10 in Crossbows
 27394 | D:15     | Reached skill level 10 in Throwing
 27394 | D:15     | Reached skill level 10 in Shields
 27394 | D:15     | Reached skill level 10 in Unarmed Combat
 27394 | D:15     | Reached skill level 10 in Spellcasting
 27675 | D:15     | Reached skill level 11 in Armour
 27929 | D:15     | Identified Roxanne's Catalogue of Clay
 27929 | D:15     | Noticed Roxanne
 28471 | D:15     | Learned a level 6 spell: Statue Form
 28477 | D:15     | Learned a level 5 spell: Irradiate
 28580 | D:15     | Acquired a +4 fustibalus of freezing
 28584 | D:15     | Acquired the Handbook of Dark Transmutation
 28686 | D:15     | Found a staircase to the Depths.
 28815 | D:15     | Killed Roxanne
 29218 | Snake:1  | Entered Level 1 of the Snake Pit
 29224 | Snake:1  | Identified the +0 kite shield "Gayf" {*Slow rN+ Str+7}
 29224 | Snake:1  | Noticed Asterion
 29227 | Snake:1  | Noticed an Executioner
 29234 | Snake:1  | Killed Asterion
 29458 | Snake:1  | Noticed Agnes
 29466 | Snake:1  | Killed Agnes
 29869 | Snake:1  | Noticed Aizul
 29885 | Snake:1  | Killed Aizul
 30010 | Snake:1  | Reached XP level 16. HP: 65/124 MP: 30/30
 30874 | Snake:2  | Gained mutation: Armour fits poorly on your strangely
                  | shaped body. [mutagenic glow]
 31374 | Snake:3  | Noticed a nagaraja
 31381 | Snake:3  | Killed a nagaraja
 31625 | Snake:3  | Identified the amulet "Datuttaz" {Reflect Dex+2 SH+5}
 31631 | Snake:3  | Lost mutation: Armour fits poorly on your strangely shaped
                  | body. [potion of mutation]
 31631 | Snake:3  | Lost mutation: You are partially covered in iridescent
                  | scales. (AC +2) [potion of mutation]
 31631 | Snake:3  | Gained mutation: You are dopey. (Int -2) [potion of
                  | mutation]
 31631 | Snake:3  | Gained mutation: Your magical capacity is low. (-10% MP)
                  | [potion of mutation]
 31631 | Snake:3  | Gained mutation: You have a pair of small horns on your
                  | head. [potion of mutation]
 31884 | Snake:3  | Found Rosysin's Weapon Emporium.
 31950 | Snake:4  | Entered Level 4 of the Snake Pit
 32044 | Snake:4  | Identified the +2 chain mail of Intercession {rCorr Str+6
                  | Int-2}
 32115 | Snake:4  | Noticed Bai Suzhen
 32251 | Snake:3  | Killed Bai Suzhen
 32473 | Snake:4  | Noticed a nagaraja
 32646 | Snake:4  | Identified the +10 war axe of Valiance {drain, +Rage rElec
                  | rF+ SInv}
 32739 | Snake:3  | Killed a nagaraja
 33545 | Snake:4  | Noticed a nagaraja
 33554 | Snake:4  | Killed a nagaraja
 33555 | Snake:4  | Reached skill level 12 in Armour
 33580 | Snake:4  | Found Voopoed's Book Boutique.
 33582 | Snake:4  | Found Nuclitiu's Magic Scroll Shop.
 33594 | Snake:4  | Reached XP level 17. HP: 131/131 MP: 28/28
 34405 | Snake:4  | Bought a scroll of acquirement for 988 gold pieces
 34407 | Snake:4  | Acquired the +0 pair of boots "Mesk" {+Inv}
 34460 | Snake:4  | Identified the +2 pair of gloves of Impermeability {rN+
                  | Will+}
 34460 | Snake:4  | Noticed Nikola
 34478 | Snake:4  | Killed Nikola
 35171 | Snake:4  | Got a serpentine rune of Zot
 35694 | Shoals:1 | Reached skill level 10 in Conjurations
 35694 | Shoals:1 | Reached skill level 10 in Hexes
 35694 | Shoals:1 | Reached skill level 10 in Summonings
 35694 | Shoals:1 | Reached skill level 10 in Necromancy
 35694 | Shoals:1 | Reached skill level 10 in Translocations
 35694 | Shoals:1 | Reached skill level 10 in Transmutations
 35694 | Shoals:1 | Reached skill level 10 in Fire Magic
 35694 | Shoals:1 | Reached skill level 10 in Ice Magic
 35694 | Shoals:1 | Reached skill level 10 in Air Magic
 35694 | Shoals:1 | Reached skill level 10 in Earth Magic
 35694 | Shoals:1 | Reached skill level 10 in Poison Magic
 36176 | Shoals:1 | Found Riuwigivit's Distillery.
 36837 | Shoals:1 | Bought a potion of heal wounds for 80 gold pieces
 36837 | Shoals:1 | Bought a potion of invisibility for 128 gold pieces
 36977 | Shoals:2 | Reached XP level 18. HP: 140/140 MP: 30/30
 37404 | Shoals:2 | Noticed Polyphemus
 37421 | Shoals:2 | Killed Polyphemus
 38427 | Shoals:3 | Found Xiteum's Mayhem Merchandise.
 38439 | Shoals:3 | Bought a wand of iceblast (7) for 187 gold pieces
 38439 | Shoals:3 | Bought a wand of iceblast (14) for 306 gold pieces
 38439 | Shoals:3 | Bought a wand of iceblast (7) for 187 gold pieces
 38727 | Shoals:4 | Entered Level 4 of the Shoals
 39105 | Shoals:4 | Reached skill level 13 in Armour
 39416 | Shoals:4 | Found Danun Taf's General Store.
 40030 | Shoals:4 | Reached XP level 19. HP: 121/148 MP: 31/31
 40117 | Shoals:4 | Got a barnacled rune of Zot
 40354 | Shoals:4 | Acquired a +2 crystal plate armour
 41209 | Orc:1    | Entered Level 1 of the Orcish Mines
 41219 | Orc:1    | Found Pizybb's Jewellery Emporium.
 41256 | Orc:1    | Found Inte's Jewellery Shop.
 41585 | Orc:1    | Found Zalurad's Assorted Antiques.
 41588 | Orc:1    | Found Yni Oshi's Weapon Shoppe.
 41593 | Orc:1    | Noticed Erolcha
 41603 | Orc:1    | Killed Erolcha
 41988 | Orc:2    | Entered Level 2 of the Orcish Mines
 42565 | Orc:2    | Found Axtefrip's Assorted Antiques.
 42568 | Orc:2    | Found a staircase to the Elven Halls.
 42574 | Orc:2    | Bought the +0 pair of fencer's gloves {Riposte Dex+3} for
                  | 1160 gold pieces
 42574 | Orc:2    | Found the +0 pair of fencer's gloves {Riposte Dex+3}
 42974 | Orc:2    | Found Qifissia's Antique Weapon Shop.
 42974 | Orc:2    | Found Cuetosye's Distillery.
 42976 | Orc:2    | Found Osept's Armour Shoppe.
 42978 | Orc:2    | Found Foasm's Armour Boutique.
 43153 | Elf:1    | Entered Level 1 of the Elven Halls
 43159 | Elf:1    | Paralysed by an air elemental for 1 turns
 43483 | Vaults:1 | Entered Level 1 of the Vaults
 44671 | Vaults:1 | Reached skill level 14 in Armour
 46028 | Vaults:2 | Found a staircase to the Crypt.
 46086 | Vaults:2 | Found a transporter.
 46086 | Vaults:2 | Found a transporter.
 46092 | Vaults:2 | Found a transporter.
 46110 | Vaults:2 | Found a transporter.
 46126 | Vaults:2 | Found a transporter.
 46429 | Vaults:2 | Found Biohai's Assorted Antiques.
 46440 | Vaults:2 | Reached XP level 20. HP: 147/156 MP: 33/33
 47165 | Vaults:2 | Noticed a golden dragon
 47165 | Vaults:2 | an acid blob changed into a golden dragon
 47166 | Vaults:2 | Noticed an iron giant
 47166 | Vaults:2 | a golden dragon changed into an iron giant
 47175 | Vaults:2 | an iron giant changed into a rockslime
 47179 | Vaults:2 | Noticed an iron giant
 47179 | Vaults:2 | an acid blob changed into an iron giant
 47184 | Vaults:2 | an iron giant changed into an iron dragon
 47195 | Vaults:2 | Noticed a caustic shrike
 47195 | Vaults:2 | an acid blob changed into a caustic shrike
 47196 | Vaults:2 | Noticed an iron giant
 47196 | Vaults:2 | a caustic shrike changed into an iron giant
 47203 | Vaults:2 | an iron giant changed into a slime creature
 47538 | Vaults:2 | Identified the +2 hat of Wasted Space {Stlth+}
 47818 | Vaults:3 | Identified the ring of Naerom {Wiz Dex-3 SInv Stlth+}
 47874 | Vaults:3 | Reached skill level 15 in Armour
 48207 | Vaults:3 | Identified the +4 war axe of Income {distort, rElec rPois
                  | rF+ Str+4}
 48403 | Vaults:3 | Cast into level 2 of the Abyss (a wizard)
 48442 | Abyss:2  | Identified the +9 flail "Kilewn" {pain, rC+}
 48559 | Abyss:3  | Found a corrupted altar of Lugonu.
 48855 | Abyss:3  | Reached XP level 21. HP: 164/164 MP: 34/34
 48943 | Vaults:3 | Escaped the Abyss
 49139 | Vaults:3 | Reached skill level 15 in Evocations
 49284 | Vaults:3 | You fall into a shaft and drop 1 floor!
 49331 | Vaults:4 | Noticed Frederick
 49353 | Vaults:4 | Killed Frederick
 49354 | Vaults:4 | Reached skill level 15 in Invocations
 50009 | Vaults:4 | Found a runed translucent gate.
 50009 | Vaults:4 | Found a runed translucent gate.
 50009 | Vaults:4 | Found a runed translucent gate.
 50010 | Vaults:4 | Noticed Baqim's ghost (adept MiBe)
 50519 | Vaults:4 | Reached skill level 16 in Armour
 52208 | Vaults:4 | Killed Baqim's ghost
 52526 | Vaults:5 | Entered Level 5 of the Vaults
 52527 | Vaults:5 | Noticed an ancient lich
 52539 | Vaults:5 | Killed an ancient lich
 52542 | Vaults:5 | Reached XP level 22. HP: 115/173 MP: 14/36
 52726 | Vaults:5 | Noticed a dread lich
 53194 | Vaults:5 | Noticed a caustic shrike
 53195 | Vaults:5 | a caustic shrike changed into an acid blob
 53199 | Vaults:5 | Noticed a caustic shrike
 53199 | Vaults:5 | an acid blob changed into a caustic shrike
 53211 | Vaults:4 | Killed a dread lich
 53534 | Vaults:5 | a caustic shrike changed into an iron dragon
 53547 | Vaults:5 | Reached skill level 17 in Armour
 54256 | Vaults:5 | Cast into level 2 of the Abyss (a deep elf demonologist)
 54681 | Abyss:2  | Paralysed by accursed screaming for 1 turns
 54719 | Vaults:5 | Escaped the Abyss
 55197 | Vaults:5 | Reached skill level 15 in Fighting
 55197 | Vaults:5 | Reached skill level 15 in Dodging
 55286 | Vaults:5 | Reached skill level 15 in Stealth
 55468 | Vaults:5 | Identified the +3 hand crossbow "Vylirourr" {vorpal, rF+
                  | Int+3}
 55472 | Vaults:5 | Identified the +9 morningstar "Raomuilo" {vorpal, +Rage
                  | Int+4}
 55480 | Vaults:5 | Reached XP level 23. HP: 164/181 MP: 37/37
 55488 | Vaults:5 | Noticed a golden dragon
 55912 | Vaults:5 | Reached skill level 15 in Short Blades
 55912 | Vaults:5 | Reached skill level 15 in Long Blades
 55912 | Vaults:5 | Reached skill level 15 in Axes
 55912 | Vaults:5 | Reached skill level 15 in Maces & Flails
 55912 | Vaults:5 | Reached skill level 15 in Polearms
 55912 | Vaults:5 | Reached skill level 15 in Staves
 55912 | Vaults:5 | Reached skill level 15 in Slings
 55912 | Vaults:5 | Reached skill level 15 in Bows
 55912 | Vaults:5 | Reached skill level 15 in Crossbows
 55912 | Vaults:5 | Reached skill level 15 in Throwing
 55912 | Vaults:5 | Reached skill level 15 in Shields
 55912 | Vaults:5 | Reached skill level 15 in Unarmed Combat
 55912 | Vaults:5 | Reached skill level 15 in Spellcasting
 55939 | Vaults:5 | Gained mutation: You occasionally shout uncontrollably at
                  | your foes. [a cacodemon]
 55941 | Vaults:5 | Gained mutation: You are weak. (Str -2) [a cacodemon]
 55946 | Vaults:5 | Paralysed by a sphinx for 2 turns
 56102 | Vaults:5 | Identified the +1 leather armour of Space {Rampage rN+}
 56696 | Vaults:5 | Killed a golden dragon
 57226 | Vaults:5 | Reached skill level 18 in Armour
 57334 | Vaults:5 | Identified the Handbook of the Unholy Volcanoes
 57337 | Vaults:5 | Identified the Incunabulum of Necromancy and Calling
 57551 | Vaults:5 | Got a silver rune of Zot
 57884 | Vaults:5 | Identified the +3 leather armour of Xaadeic {rC- rN++}
 58271 | Depths:1 | Entered Level 1 of the Depths
 59929 | Depths:1 | Found a gateway to Hell.
 60490 | Depths:1 | Found a blossoming altar of Fedhas.
 60714 | Depths:2 | Reached XP level 24. HP: 175/189 MP: 38/38
 61028 | Depths:2 | Noticed a juggernaut
 61028 | Depths:2 | Noticed a caustic shrike
 61040 | Depths:2 | Killed a caustic shrike
 61049 | Depths:2 | Killed a juggernaut
 61089 | Depths:2 | Noticed a caustic shrike
 61098 | Depths:2 | Killed a caustic shrike
 61416 | Depths:2 | Paralysed by a vampire knight for 7 turns
 61866 | Depths:2 | Found a one-way gate leading to the halls of Pandemonium.
 62617 | Depths:3 | Found Vefiab's Magic Scroll Shop.
 62631 | Depths:3 | Bought a scroll of enchant armour for 127 gold pieces
 62920 | Depths:3 | Noticed a juggernaut
 62935 | Depths:3 | Killed a juggernaut
 62951 | Depths:3 | Learned a level 6 spell: Dispersal
 62997 | Depths:3 | Found a gateway to a ziggurat.
 62999 | Depths:3 | Paralysed by a floating eye for 3 turns
 63005 | Depths:3 | Paralysed by a floating eye for 3 turns
 63272 | Depths:3 | Paralysed by a floating eye for 3 turns
 63276 | Depths:3 | Paralysed by a floating eye for 3 turns
 63282 | Depths:3 | Paralysed by a floating eye for 4 turns
 63288 | Depths:3 | Paralysed by a floating eye for 4 turns
 63293 | Depths:3 | Paralysed by a floating eye for 2 turns
 63302 | Depths:3 | Reached skill level 19 in Armour
 63996 | Depths:4 | Noticed a caustic shrike
 64017 | Depths:4 | Killed a caustic shrike
 64018 | Depths:4 | Reached XP level 25. HP: 74/197 MP: 38/38
 64281 | Depths:4 | Identified the Collected Works on Cold
 64312 | Depths:4 | Identified Riut Aqa's Volume of Dark Ice
 64468 | Depths:4 | Found a runed translucent door.
 64894 | Depths:4 | Found a sparkling altar of Nemelex Xobeh.
 65323 | Depths:4 | Found a one-way gate to the infinite horrors of the Abyss.
 65373 | Depths:4 | Voluntarily entered the Abyss.
 65831 | Abyss:1  | Identified the +1 robe of the Forest {rPois}
 66574 | Abyss:1  | Gained mutation: You are clumsy. (Dex -2) [a cacodemon]
 66584 | Abyss:2  | Found a corrupted altar of Lugonu.
 66608 | Abyss:2  | Found a corrupted altar of Lugonu.
 66664 | Abyss:2  | Found a burning altar of Makhleb.
 67656 | Abyss:3  | Reached skill level 20 in Armour
 67656 | Abyss:3  | Reached XP level 26. HP: 207/207 MP: 39/39
 67998 | Abyss:3  | Found a corrupted altar of Lugonu.
 68160 | Abyss:3  | Reached XP level 27. HP: 69/213 MP: 39/39
 68706 | Abyss:4  | Found a corrupted altar of Lugonu.
 68767 | Abyss:4  | Got an abyssal rune of Zot
 68845 | Depths:4 | Escaped the Abyss
 68959 | Depths:5 | Entered Level 5 of the Depths
 69219 | Depths:5 | Acquired 935 gold pieces
 69718 | Depths:5 | Noticed the Enchantress
 69733 | Depths:5 | Killed the Enchantress
 70876 | Depths:5 | Found a gate to the Realm of Zot.
 71206 | Depths:5 | Upgraded the game from 0.27-a0-1325-g58a489ad9e to
                  | 0.27-a0-1331-g60ef6b6952
 71539 | Slime:1  | Entered Level 1 of the Pits of Slime
 73302 | Slime:3  | Gained mutation: You are frail. (-10% HP) [a shining eye]
 73354 | Slime:3  | Paralysed by a great orb of eyes for 4 turns
 73386 | Slime:3  | HP: 5/193 [acid (32)]
 73387 | Slime:3  | Splashed with acid

Illustrated notes

Levels and vault maps discovered:
D:1:      amcnicky_arrival_abandoned_market, layout_loops_ring, feat_on_display
D:2:      layout_basic, basic_altar, dilly_ecumenical_altar_fadedgnrine
D:3:      layout_basic, grunt_ministairs_8
D:4:      layout_cave_pools, nicolae_overflow_hidden_temple, uniq_duvessa,
          uniq_eustachio, uniq_sigmund
D:5:      layout_basic
D:6:      layout_rooms, nzn_hepliaklqana_mist_gate, minitemple,
          minmay_temple_entry_statues_pillars, minivault_14,
          minmay_fire_ice_demons
D:7:      layout_cave_pools, amethyst_overflow_temple_binary
D:8:      layout_basic, kennysheep_generic_room_16, uniq_psyche
D:9:      layout_roguey, amcnicky_altar_gilded, lemuel_round_altar
D:10:     layout_basic, overflow_temple_1_default, erik_lair_orcish_takeover,
          enter_bailey_5, uniq_snorg
D:11:     layout_loops_ring
D:12:     layout_cave_pools, david_orc_5, nicolae_trove_entry_free_sample,
          special_room [special_room_orc], pdpol_wu_jian_five_deadly_venoms
D:13:     kennysheep_bubbly, layout_basic
D:14:     layout_cave_pods, david_vaults_2, dk_noncrumbling_4
D:15:     hangedman_depths_entry_try_elsewhere_first, layout_long_grid,
          special_room [special_room_orc], glass_columns_c, uniq_roxanne
Temple:   minmay_temple_bridge_abc
Lair:1:   layout_hall_layers, grunt_megastairs_4
Lair:2:   layout_hall_layers, minmay_shoals_entry_lonely_mermaid, st_stairs_10,
          ice2_lemuel, infiniplex_staircase_pool_2
Lair:3:   layout_regular_city, basic_altar, lemuel_old_faithful
Lair:4:   layout_loops_ring, guppyfry_snake_entry_island,
          hellmonk_ghost_happy_afterlife, portal_ice_cave_demonic_guard,
          lemuel_fruit_tree
Lair:5:   layout_loops_ring, wad_woods_road_03, uniq_josephine
Lair:6:   hangedman_lair_tendril_chambers, layout_long_grid,
          nicolae_slime_entry_slimehenge, hangedman_lair_unloving_vines,
          infiniplex_staircase_pool
Shoals:1: layout_shoals, serial_shops, shop
Shoals:2: layout_shoals, uniq_polyphemus
Shoals:3: layout_shoals, minmay_shop_mayhem, yaktaur_hedge
Shoals:4: shoals_end_grunt_ice, layout_shoals, serial_shops,
          nicolae_lakefront_shop, nicolae_shoals_elemental_ambush
Snake:1:  layout_grid_shapes, uniq_aizul, uniq_agnes, uniq_asterion
Snake:2:  layout_honeycomb
Snake:3:  layout_rooms, minmay_shop_star
Snake:4:  johnstein_snake_rune_scales, layout_rooms, guppyfry_snake_island,
          minmay_shoptagon, uniq_nikola, uniq_bai_suzhen
Slime:1:  layout_caves
Slime:2:  layout_caves
Slime:3:  layout_caves
Orc:1:    layout_caves, serial_shops, shop, nicolae_shop_statue_plus,
          nicolae_diamond_shop, nicolae_shop_trees, basic_altar,
          lightli_orcish_oven, uniq_erolcha
Orc:2:    st_orc_rangers, layout_caves, serial_shops, shop
Elf:1:    minmay_elf_arrival_plus, layout_geoelf_diagonals,
          minmay_elf_annihilation, billiards_dpeg, uniq_frances
Vaults:1: hangedman_vaults_impose, v_alt_pattern_3, v_pattern_2, v_misc_8,
          vaults_room_pool, grunt_vaults_diagonal, ontoclasm_vaults_idyll,
          vaults_room_grunt_arrival_ludios, ontoclasm_vaults_ring_small,
          nicolae_vaults_mini_display_case, v_misc_27, layout_vaults_quadrants
Vaults:2: ontoclasm_vaults_loading_screen, nicolae_vaults_gold_heap,
          vaults_room_fours, vaults_standard_mumra_enter_the_diamond,
          nicolae_vaults_rhombus_6, v_misc_27, vaults_room_boxed,
          gammafunk_the_bubble [the_bubble_gammafunk_roulette],
          blue_anna_dwarven_crypt, hangedman_vaults_restitches,
          nicolae_vaults_puzzle_piece, v_alt_pattern_1, v_misc_25,
          layout_vaults_omnicross, serial_shops, nicolae_shop_waterfront
Vaults:3: nicolae_vaults_big_ls, hangedman_vaults_trim,
          nicolae_vaults_network_periphery, nicolae_vaults_octagons,
          ontoclasm_vaults_decontamination, v_rooms_3, vaults_room_semicircle,
          v_alt_pattern_1, v_misc_9, v_misc_5, nicolae_vaults_shelves_hall,
          vaults_room_grid, nicolae_vaults_little_ls, vaults_dpeg_ring,
          vaults_room_pools, layout_vaults_maze_snakey
Vaults:4: gammafunk_vaults_ghost_spectres, v_alt_pattern_2,
          nicolae_vaults_murderbox, nicolae_vaults_little_squares_2,
          dpeg_vaults_monster_row, grunt_vaults_swirl,
          hangedman_vaults_river_flow, ontoclasm_vaults_claustrophobia,
          v_misc_19, serial_ice_h, nicolae_vaults_angled_halls,
          grunt_vaults_hallway_short, layout_vaults_omnibox, uniq_frederick
Vaults:5: serial_shops
Depths:1: layout_gridlike, pf_hell_entry_tar_spiral, kennysheep_minor_cross,
          minmay_holes, serial_sigils_hangedman_leer, fedhas_altar_fruit_tree
Depths:2: minmay_complete_graph, layout_twisted_cross, hangedman_coc_ice_floe,
          minmay_crystal_water, abyss_entry_flame_altar, grunt_pan_entry_zigzag
Depths:3: minmay_inside_and_out, layout_basic, enter_ziggurat_c, serial_shops,
          shop, hell_entry, kennysheep_flooded_box, pan_entry,
          chequers_serial_rivers_micro_b
Depths:4: minmay_the_grid_four_pointed_star_mashed
          [minmay_the_grid_triangle_9x9_subtriangle,
          minmay_the_grid_triangle_9x9_zippers_vertical,
          minmay_the_grid_triangle_9x9_odd_lines,
          minmay_the_grid_triangle_9x9_negative_grid,
          minmay_the_grid_prize_four_corners_diamond_a], layout_gridlike,
          hell_entry, nemelex_altar_shiori, minmay_room_of_horrors,
          grunt_ministairs_2
Depths:5: evilmike_zot_entry_gauntlet, layout_honeycomb, abyss_entry_glasseish,
          hell_entry, minmay_misc_feat_hallway, serial_bayou_shore_a,
          roderic_lattice_octagonal_star, uniq_enchantress

Skill      XL: |  1  2  3  4  5  6  7  8  9 10 11 12 13 14 15 16 17 18 19 20 21 22 23 24 25 26 27 |
---------------+----------------------------------------------------------------------------------+-----
Invocations    | 1 2 3 4 5 6 7 8 9 10 11 12 13 14 15 16 17 18 | 18.5
Short Blades   | 1 2 3 4 5 6 7 8 9 10 11 12 13 14 15 16 17 | 17.2
Long Blades    | 1 2 3 4 5 6 7 8 9 10 11 12 13 14 15 16 17 | 17.2
Axes           | 1 2 3 4 5 6 7 8 9 10 11 12 13 14 15 16 17 | 17.2
Maces & Flails | 1 2 3 4 5 6 7 8 9 10 11 12 13 14 15 16 17 | 17.2
Polearms       | 1 2 3 4 5 6 7 8 9 10 11 12 13 14 15 16 17 | 17.2
Staves         | 1 2 3 4 5 6 7 8 9 10 11 12 13 14 15 16 17 | 17.2
Slings         | 1 2 3 4 5 6 7 8 9 10 11 12 13 14 15 16 17 | 17.2
Bows           | 1 2 3 4 5 6 7 8 9 10 11 12 13 14 15 16 17 | 17.2
Crossbows      | 1 2 3 4 5 6 7 8 9 10 11 12 13 14 15 16 17 | 17.2
Throwing       | 1 2 3 4 5 6 7 8 9 10 11 12 13 14 15 16 17 | 17.2
Shields        | 1 2 3 4 5 6 7 8 9 10 11 12 13 14 15 16 17 | 17.2
Unarmed Combat | 1 2 3 4 5 6 7 8 9 10 11 12 13 14 15 16 17 18 | 18.1
Spellcasting   | 1 2 3 4 5 6 7 8 9 10 11 12 13 14 15 16 17 | 17.2
Conjurations   | 1 2 3 4 5 6 7 8 9 10 11 12 13 14 | 14.8
Hexes          | 1 2 3 4 5 6 7 8 9 10 11 12 13 14 | 14.8
Summonings     | 1 2 3 4 5 6 7 8 9 10 11 12 13 14 | 14.8
Necromancy     | 1 2 3 4 5 6 7 8 9 10 11 12 13 14 | 14.8
Translocations | 1 2 3 4 5 6 7 8 9 10 11 12 13 14 | 14.8
Transmutations | 1 2 3 4 5 6 7 8 9 10 11 12 13 14 | 14.8
Fire Magic     | 1 2 3 4 5 6 7 8 9 10 11 12 13 14 | 14.8
Ice Magic      | 1 2 3 4 5 6 7 8 9 10 11 12 13 14 | 14.8
Air Magic      | 1 2 3 4 5 6 7 8 9 10 11 12 13 14 | 14.8
Earth Magic    | 1 2 3 4 5 6 7 8 9 10 11 12 13 14 | 14.8
Poison Magic   | 1 2 3 4 5 6 7 8 9 10 11 12 13 14 | 14.8
Fighting       | 3 4 5 6 7 8 9 10 11 12 13 14 15 16 17 | 17.3
Dodging        | 3 4 5 6 7 8 9 10 11 12 13 14 15 16 17 | 17.3
Stealth        | 3 4 5 6 7 8 9 10 11 12 13 14 15 16 17 | 17.3
Armour         | 5 6 7 8 9 10 11 12 13 14 15 16 17 18 19 20 | 20.9
Evocations     | 7 8 9 10 11 12 13 14 15 16 17 18 | 18.1

Action                   |  1- 3 |  4- 6 |  7- 9 | 10-12 | 13-15 | 16-18 | 19-21 | 22-24 | 25-27 || total
-------------------------+-------+-------+-------+-------+-------+-------+-------+-------+-------++-------
Melee: Club              |    17 |       |       |       |       |       |       |       |       ||    17
       Hand axe          |    65 |    72 |       |       |       |       |       |       |       ||   137
       Bite              |    11 |    15 |    13 |    77 |   123 |    59 |   188 |   191 |   204 ||   881
       Dagger            |     1 |       |       |       |       |       |       |       |       ||     1
       Quarterstaff      |       |    13 |   166 |   376 |   407 |       |       |       |       ||   962
       Flail             |       |       |       |       |   161 |   139 |       |       |       ||   300
       Headbutt          |       |       |       |       |       |    84 |   327 |   312 |   360 ||  1083
       War axe           |       |       |       |       |       |   166 |   754 |   707 |   954 ||  2581
       Hand crossbow     |       |       |       |       |       |       |     2 |       |       ||     2
 Fire: Shortbow          |       |       |   142 |    65 |       |       |       |       |       ||   207
       Hand crossbow     |       |       |       |   233 |   594 |   656 |   545 |   393 |   480 ||  2901
       Fustibalus        |       |       |       |       |    37 |   241 |       |       |    43 ||   321
 Cast: Summon Ice Beast  |       |       |       |    18 |    86 |     9 |     3 |       |       ||   116
       Summon Lightning  |       |       |       |     4 |     9 |       |     1 |       |       ||    14
       Irradiate         |       |       |       |       |       |     8 |       |       |     1 ||     9
       Statue Form       |       |       |       |       |       |     1 |     1 |     1 |       ||     3
       Dispersal         |       |       |       |       |       |       |       |     2 |       ||     2
Invok: Temporal Distorti |       |       |       |     1 |       |     1 |     2 |       |       ||     4
       Bend Time         |       |       |       |     3 |     9 |     2 |    12 |     3 |       ||    29
       Step From Time    |       |       |       |       |     1 |     1 |     1 |     2 |       ||     5
       Slouch            |       |       |       |       |     1 |     4 |     4 |       |       ||     9
Evoke: Piece from Xom's  |    11 |     1 |    10 |     1 |       |       |       |       |       ||    23
       Wand              |       |       |     5 |    15 |     6 |       |       |     1 |       ||    27
       Condenser vane    |       |       |       |       |     2 |     2 |     3 |     7 |     1 ||    15
       Lightning rod     |       |       |       |       |       |     2 |     2 |     1 |     2 ||     7
  Use: Scroll            |     4 |     4 |     2 |     8 |    21 |     8 |     7 |     6 |     5 ||    65
       Potion            |       |     1 |     5 |     6 |     3 |     5 |     3 |     2 |    10 ||    35
 Stab: Sleeping          |     5 |     6 |     2 |     1 |       |       |       |       |       ||    14
       Confused          |     2 |       |       |       |       |       |       |       |       ||     2
       Paralysed         |     2 |       |       |     5 |     1 |       |       |       |       ||     8
       Petrifying        |       |       |     1 |       |       |       |       |       |       ||     1
       Distracted        |       |       |       |     1 |     9 |       |     1 |     1 |       ||    12
       Invisible         |       |       |       |       |       |     2 |       |       |       ||     2
Armor: Leather armour    |    22 |    27 |     8 |       |       |       |       |       |       ||    57
       Chain mail        |       |       |    51 |       |       |   156 |       |       |       ||   207
       Ring mail         |       |       |    26 |   106 |   299 |    15 |       |       |       ||   446
       Robe              |       |       |       |     5 |       |       |       |       |       ||     5
       Skin              |       |       |       |       |       |    10 |       |    25 |       ||    35
       Crystal plate arm |       |       |       |       |       |       |   198 |   218 |   209 ||   625
Dodge: Dodged            |    70 |    44 |   116 |   303 |   752 |   431 |   469 |   549 |   554 ||  3288
       Repelled          |       |       |       |       |       |       |     7 |    19 |    15 ||    41
Block: Buckler           |     5 |    15 |       |       |    86 |       |       |       |       ||   106
       Kite shield       |       |       |       |       |    26 |   692 |   883 |   794 |   922 ||  3317
       Reflection        |       |       |       |       |       |   110 |   120 |    31 |    16 ||   277

Table legend: (Time is in decaauts)
 A = Elapsed time spent in this place.
 B = Non-inter-level travel time spent in this place.
 C = Inter-level travel time spent in this place.
 D = Time resting spent in this place.
 E = Time spent auto-exploring this place.
 F = Levels seen in this place.
 G = Mean time per level.
                   A        B        C        D        E       F      G
               +--------+--------+--------+--------+--------+-----+--------+
         Total | 100746 |  92328 |   8418 |  21296 |  52330 |  53 | 1900.9 |
       Dungeon |  24431 |  22399 |   2032 |   5160 |  11655 |  15 | 1628.7 |
        Temple |    253 |    234 |     19 |      0 |    196 |   1 |  253.0 |
          Lair |  14259 |  12471 |   1788 |   1886 |   8001 |   6 | 2376.5 |
        Shoals |   8118 |   7085 |   1033 |   1074 |   4588 |   4 | 2029.5 |
     Snake Pit |   9629 |   8501 |   1128 |   1500 |   5327 |   4 | 2407.2 |
    Slime Pits |   3155 |   3111 |     44 |    136 |   2716 |   3 | 1051.7 |
  Orcish Mines |   3556 |   3275 |    281 |    459 |   2197 |   2 | 1778.0 |
   Elven Halls |     11 |     11 |      0 |      0 |      0 |   1 |   11.0 |
        Vaults |  18838 |  17344 |   1494 |   6633 |   8265 |   5 | 3767.6 |
        Depths |  13102 |  12504 |    598 |   2934 |   7585 |   5 | 2620.4 |
         Abyss |   5390 |   5390 |      0 |   1512 |   1798 |   7 |  770.0 |
               +--------+--------+--------+--------+--------+-----+--------+

Top non-repeatable levels by time:
Vaults:4: 7662 daAuts
Vaults:2: 3427 daAuts
 Snake:4: 3406 daAuts
Vaults:1: 3380 daAuts
  Lair:6: 3306 daAuts
Depths:5: 3141 daAuts
Depths:3: 2904 daAuts
Shoals:4: 2824 daAuts
 Abyss:3: 2787 daAuts
Depths:1: 2767 daAuts
    D:15: 2741 daAuts
Vaults:5: 2607 daAuts
  Lair:2: 2602 daAuts
    D:13: 2532 daAuts
Depths:4: 2362 daAuts
